 Dungeon Crawl Stone Soup version 0.29.1-12-g30fa7ad0bf (webtiles) character file.

Game seed: 15084905910383815339

16 wrenrar the Chiller (level 2, 0/19 HPs)
             Began as a Human Ice Elementalist on Jan 8, 2023.
             Slain by a rat (2 damage)
             ... on level 1 of the Dungeon.
             The game lasted 00:02:56 (947 turns).

wrenrar the Chiller (Human Ice Elementalist)         Turns: 947, Time: 00:02:57

Health: 0/19       AC:  2    Str:  8    XL:     2   Next: 70%
Magic:  5/5        EV: 12    Int: 15    God:
Gold:   47         SH:  0    Dex: 13    Spells: 4/5 levels left

rFire   . . .      SeeInvis .   e - +0 dagger
rCold   . . .      Faith    .   (no shield)
rNeg    . . .      Spirit   .   a - +0 robe
rPois   .          Reflect  .   (no helmet)
rElec   .          Harm     .   (no cloak)
rCorr   .          Rampage  .   (no gloves)
Will    .....                   (no boots)
Stlth   ++........              (no amulet)
HPRegen 0.06/turn               (no ring)
MPRegen 0.09/turn               (no ring)

@: no status effects
A: no striking features
a: no special abilities


You were on level 1 of the Dungeon.
You visited 1 branch of the dungeon, and saw 1 of its levels.

You collected 47 gold pieces.

Inventory:

Hand Weapons
 e - a +0 dagger (weapon)
Armour
 a - a +0 robe (worn)
Scrolls
 d - a scroll of immolation {unknown}
 f - 3 scrolls of identify {unknown}
 g - a scroll of noise {unknown}
 h - a scroll of brand weapon {unknown}
Potions
 b - a potion of magic
 c - a potion of haste {unknown}


   Skills:
 + Level 2.2 Dodging
 + Level 2.3 Stealth
 + Level 2.2 Spellcasting
 + Level 4.1 Ice Magic


You had 4 spell levels left.
You knew the following spells:

 Your Spells              Type           Power      Damage    Failure   Level
a - Freeze                Ice            56%        1d7       4%          1

Your spell library contained the following spells:

 Spells                   Type           Power      Damage    Failure   Level
 Frozen Ramparts          Ice            28%        1d5       12%         3
 Ozocubu's Armour         Ice            14%        N/A       12%         3
 Hailstorm                Conj/Ice       7%         3d4       67%         4


Dungeon Overview and Level Annotations

Branches:
Dungeon (1/15)

Altars:


Message History

Aim: a kobold, wielding a +0 club (moderately wounded)
You freeze the kobold.
You kill the kobold!
The rat bites you.
You see here a +0 club.
Aiming: Freeze (safe; 4% risk of failure)
Press: ? - help, Q - select action Shift-Dir - straight line, f - rat
Aim: a rat You freeze the rat.
You kill the rat!
You see here a rat corpse.
f - 3 scrolls labelled RADONA NIMOT (gained 1)
A quokka and a rat come into view.
Found 11 gold pieces.
You hit the quokka but do no damage. The quokka closely misses you.
You hit the quokka but do no damage. The quokka closely misses you.
You hit the quokka but do no damage. The quokka closely misses you. x2
You closely miss the quokka. The quokka completely misses you.
You barely miss the quokka. The rat bites you. The quokka closely misses you.
You miss the quokka. The quokka barely misses you.
The rat completely misses you.
You miss the quokka. The quokka bites you. The rat barely misses you.
You miss the quokka. The quokka closely misses you. The rat closely misses you.
The quokka bites you.
You hit the quokka.
The quokka is moderately wounded.
The rat barely misses you. The quokka bites you.
You hit the quokka but do no damage.
The quokka is moderately wounded.
The rat barely misses you. The quokka bites you.
You hit the quokka but do no damage.
The quokka is moderately wounded.
The quokka bites you.
* * * LOW HITPOINT WARNING * * *
The rat bites you.
* * * LOW HITPOINT WARNING * * *
You hit the quokka.
The quokka is heavily wounded.
The quokka misses you. The rat bites you.
You die...

.....)..###...#
###.#####.
.#...........†####
#.......
.###.##.####.....#
##...### .#
#.##......###.# #...#..
. #.######### #.#
#.###.♣ #.# #.# #.#....
.# #.# #.#### #.'.♣.< .#
#.# ..#####.##.#####
#.#.... .# #..
..$...r@r......###.###.♣
##
..########.#.#.†)....#..
.. #.#...##....### ##
#.######....... # #.#
######## #r# #.# #.#


You could see a quokka and a rat.

Vanquished Creatures
  A ball python (D:1)
  2 endoplasms (D:1)
  5 goblins (D:1)
  2 frilled lizards (D:1)
  3 kobolds (D:1)
  3 rats (D:1)
16 creatures vanquished.

Notes
Turn   | Place    | Note
-------+----------+-------------------------------------------
     0 | D:1      | wrenrar the Human Ice Elementalist began the quest for the
                  | Orb.
     0 | D:1      | Reached XP level 1. HP: 13/13 MP: 3/3
   236 | D:1      | Reached XP level 2. HP: 13/19 MP: 5/5
   947 | D:1      | Slain by a rat

Illustrated notes

Levels and vault maps discovered:
D:1:      dpeg_arrival_simpleton_c, layout_loops_ring

Action                   || total
-------------------------++-------
Melee: Dagger            ||    54
 Cast: Freeze            ||     7
 Stab: Sleeping          ||     2
Armor: Robe              ||     7
Dodge: Dodged            ||    41
